 Dungeon Crawl Stone Soup version 0.30.1 (webtiles) character file.

Game seed: 9577602063104430960

1451 Fodor the Carver (level 8, -12/69 HPs)
             Began as a Minotaur Fighter on July 3, 2023.
             Killed by divine providence
             ... invoked by an orc priest
              (15 damage)
             ... on level 5 of the Dungeon on July 4, 2023.
             The game lasted 00:29:03 (4762 turns).

Fodor the Carver (Minotaur Fighter)                 Turns: 4762, Time: 00:29:04

Health: -12/69     AC: 12    Str: 23    XL:     8   Next: 47%
Magic:  7/7        EV:  9    Int:  5    God:
Gold:   199        SH:  5    Dex: 10    Spells: 7/7 levels left

rFire   . . .        t - +1 long sword (venom)
rCold   . . .        c - +0 buckler
rNeg    . . .        r - +0 chain mail
rPois   .            (helmet restricted)
rElec   .            (no cloak)
rCorr   .            i - +0 pair of gloves
SInv    +            (no boots)
Will    +....        (no amulet) Stlth
                     e - ring of willpower
HPRegen 0.31/turn    h - ring of see invisible
MPRegen 0.10/turn

%: no passive effects
@: no status effects
A: horns 2, retaliatory headbutt
a: no special abilities


You were on level 5 of the Dungeon.
You visited 1 branch of the dungeon, and saw 5 of its levels.
You also visited: Sewer.

You collected 199 gold pieces.

Inventory:

Hand Weapons
 t - a +1 long sword of venom (weapon)
Missiles
 l - 14 poisoned darts (quivered)
Armour
 c - a +0 buckler (worn)
 i - a +0 pair of gloves (worn)
 r - a +0 chain mail (worn)
Jewellery
 e - a ring of willpower (left hand)
 h - a ring of see invisible (right hand)
 y - a ring of protection from fire
Wands
 v - a wand of charming (9)
Scrolls
 b - a scroll of magic mapping {unknown}
 g - 2 scrolls of enchant weapon
 n - 2 scrolls of identify {unknown}
 q - 2 scrolls of teleportation
 u - a scroll of blinking {unknown}
Potions
 a - 2 potions of attraction {unknown}
 d - a potion of might
 f - a potion of ambrosia {unknown}
 j - 2 potions of degeneration {unknown}
 k - a potion of resistance {unknown}
 m - a potion of mutation {unknown}
 o - 5 potions of heal wounds
 p - 3 potions of brilliance {unknown}
 s - 3 potions of flight
 w - 2 potions of berserk rage {unknown}
 x - 3 potions of lignification {unknown}


   Skills:
 + Level 5.4 Fighting
 + Level 8.0 Long Blades
 + Level 0.7 Throwing
 + Level 7.9 Armour
 + Level 2.8 Dodging
 + Level 0.2 Stealth
 + Level 5.7 Shields


You had 7 spell levels left.
You didn't know any spells.
Your spell library contained the following spells:

 Spells                   Type           Power      Damage    Failure   Level
 Call Canine Familiar     Summ           0%         N/A       100%        3
 Portal Projectile        Hex/Tloc       0%         N/A       100%        3
 Leda's Liquefaction      Hex/Erth       0%         N/A       100%        4


Dungeon Overview and Level Annotations

Branches:
Dungeon (5/15)              Sewer (visited)
 Temple: D:4-7

Altars:
Hepliaklqana

Shops:
D:2 [


Innate Abilities, Weirdness & Mutations

You have a pair of horns on your head.
You reflexively headbutt those who attack you in melee.


Message History

The orc warrior is poisoned.
The orc warrior hits you with a +0 glaive!
The orc priest hits you but does no damage.
You hit the orc warrior but do no damage.
Your headbutt misses the orc warrior.
The orc warrior is lightly wounded.
The orc priest hits you but does no damage.
You block the orc warrior's attack.
You barely miss the orc warrior. Your headbutt misses the orc warrior.
The orc warrior hits you with a +0 glaive!
The orc priest hits you but does no damage.
You closely miss the orc warrior.
The orc warrior is lightly wounded.
You block the orc warrior's attack. You block the orc priest's attack.
You hit the orc warrior but do no damage.
The orc warrior looks even sicker.
The orc warrior is lightly wounded.
The orc warrior hits you with a +0 glaive.
The orc priest hits you with a +0 mace.
You hit the orc warrior. Your headbutt misses the orc warrior.
The orc warrior is heavily wounded.
The orc warrior hits you with a +0 glaive!
The orc priest closely misses you. You furiously retaliate!
You headbutt the orc priest. You closely miss the orc warrior.
The orc warrior is heavily wounded.
The orc priest hits you with a +0 mace.
* * * LOW HITPOINT WARNING * * *
The orc warrior hits you with a +0 glaive!
* * * LOW HITPOINT WARNING * * *
The orc warrior attacks as you move away!
The orc warrior hits you but does no damage.
The orc priest calls upon Beogh to heal the orc warrior.
The orc warrior is healed somewhat.
The orc warrior hits you from afar with a +0 glaive!
* * * LOW HITPOINT WARNING * * *
You see here 6 stones.
The orc priest mumbles some strange prayers to Beogh against you.
Beogh smites you!
You die...

# #.# # .# #.# # .#
####.# .# ####....#
.###.....#.#
####...+.....+.# ....#
#.....### ###
########.####.....######
...
.......o(@............<#
...
......o.)####...########
##### ##########....###
.....# #.........####
......# #..)....###
......###.......#
........#.......#
.....(..#.......#
.###....######'##


You could see an orc warrior (very poisoned) and an orc priest.

Vanquished Creatures
  Pikel (D:5)
  Sigmund (D:2)
  Menkaure (D:5)
  2 black bears
  A lemure (D:5)
  A kobold brigand (Sewer)
  A hound (D:4)
  A gnoll bouda (D:4)
  Jessica (D:3)
  3 iguanas
  3 orc wizards
  Robin (D:3)
  4 gnolls (D:4)
  6 adders
  A river rat (Sewer)
  5 worms
  3 dart slugs
  12 orcs
  11 bats
  7 endoplasms
  5 giant cockroaches
  15 goblins
  6 hobgoblins
  7 jackals
  5 quokkas
  4 ball pythons
  A frilled lizard (D:2)
  8 kobolds
  7 rats
124 creatures vanquished.

Notes
Turn   | Place    | Note
-------+----------+-------------------------------------------
     0 | D:1      | Fodor the Minotaur Fighter began the quest for the Orb.
     0 | D:1      | Reached XP level 1. HP: 19/19 MP: 0/0
   275 | D:1      | Reached XP level 2. HP: 27/27 MP: 1/1
   782 | D:1      | Reached skill level 3 in Long Blades
   782 | D:1      | Reached XP level 3. HP: 33/33 MP: 2/2
   836 | D:2      | Found Loxafocs's Armour Shoppe.
  1441 | D:2      | You fall into a shaft and drop 1 floor!
  1561 | D:3      | Reached XP level 4. HP: 12/40 MP: 3/3
  1801 | D:3      | Noticed Jessica
  1807 | D:3      | Killed Jessica
  1808 | D:3      | Reached skill level 4 in Long Blades
  1884 | D:3      | Reached XP level 5. HP: 26/46 MP: 4/4
  2074 | D:3      | Reached skill level 1 in Dodging
  2147 | D:2      | Noticed Sigmund
  2163 | D:2      | Killed Sigmund
  2164 | D:2      | Reached skill level 5 in Long Blades
  2164 | D:2      | Reached skill level 5 in Armour
  2164 | D:2      | Reached XP level 6. HP: 26/52 MP: 5/5
  2582 | D:3      | Noticed Robin
  2592 | D:3      | Killed Robin
  2782 | D:4      | Reached skill level 6 in Long Blades
  2863 | D:4      | Reached XP level 7. HP: 26/60 MP: 6/6
  3844 | D:5      | Entered Level 5 of the Dungeon
  3859 | D:5      | Found a glowing drain.
  3943 | Sewer    | Entered a sewer
  4031 | Sewer    | Reached skill level 7 in Long Blades
  4031 | Sewer    | Reached skill level 5 in Shields
  4054 | Sewer    | Found a glowing silver altar of Zin.
  4252 | D:5      | Noticed Menkaure
  4257 | D:5      | Killed Menkaure
  4341 | D:5      | Noticed Pikel
  4359 | D:5      | Killed Pikel
  4360 | D:5      | Reached skill level 5 in Fighting
  4360 | D:5      | Reached skill level 8 in Long Blades
  4360 | D:5      | Reached XP level 8. HP: 29/68 MP: 7/7
  4705 | D:5      | Found a hazy altar of Hepliaklqana.
  4761 | D:5      | HP: 2/69 [orc warrior/+0 glaive (9)]
  4762 | D:5      | Killed from afar by an orc priest

Illustrated notes

Levels and vault maps discovered:
D:1:      dpeg_arrival_rhombi, layout_basic
D:2:      layout_basic, serial_shops, nicolae_shop_hallway_plus, uniq_sigmund
D:3:      layout_basic, minivault_23, nicolae_underground_beach, uniq_robin,
          uniq_jessica
D:4:      layout_loops_corners
D:5:      layout_basic, lemuel_doored_altar, general_overflow_altar,
          lemuel_temple_firewalk_b, gup_sewer_entry_glass, minmay_misc_feat_chi,
          reono_crystal_passage, uniq_pikel, uniq_menkaure

Skill      XL: |  1  2  3  4  5  6  7 |
---------------+----------------------+-----
Armour         | 4 5 6 7 |  7.9
Shields        | 4 5 |  5.7
Long Blades    | 3 4 5 6 8 |  8.0
Dodging        | 1 2 |  2.8
Fighting       | 4 5 |  5.4
Throwing       | |  0.7
Stealth        | |  0.2

Action                     |  1- 3 |  4- 6 |  7- 9 || total
---------------------------+-------+-------+-------++-------
  Melee: Long sword        |    93 |    94 |   149 ||   336
         Headbutt          |     9 |    15 |    24 ||    48
  Throw: Dart              |       |     9 |       ||     9
    Use: Scroll            |     3 |       |       ||     3
 Armour: Scale mail        |    54 |    40 |       ||    94
         Chain mail        |       |    17 |    69 ||    86
  Dodge: Dodged            |    53 |    62 |    55 ||   170
  Block: Buckler           |    37 |    34 |    39 ||   110
